 Dungeon Crawl Stone Soup version 0.25.1-8-g42b30a86e7 (webtiles) character file.

Game seed: 1001869031705469947

133 gruber the Grave Robber (level 4, -2/30 HPs)
             Began as a Demonspawn Necromancer on Dec 21, 2020.
             Slain by a goblin
             ... wielding a +0 club
              (3 damage)
             ... on level 2 of the Dungeon.
             The game lasted 00:03:03 (4184 turns).

gruber the Grave Robber (Demonspawn Necromancer)    Turns: 4184, Time: 00:03:03

Health: -2/30      AC:  3    Str:  8    XL:     4   Next: 94%
Magic:  1/8        EV: 12    Int: 24    God:
Gold:   104        SH:  0    Dex: 13    Spells: 8/9 levels left

rFire    . . .     SeeInvis .   r - +0 flail (protect)
rCold    . . .     Gourm    .   (no shield)
rNeg     . . .     Faith    .   a - +0 robe
rPois    .         Spirit   .   (helmet restricted)
rElec    .         Reflect  .   o - +0 cloak
rCorr    .         Harm     .   (no gloves)
MR       .....                  (no boots)
Stlth    ++........             (no amulet)
HPRegen  0.10/turn              e - +6 ring of intelligence
MPRegen  0.11/turn              (no ring)

@: no status effects
A: antennae 1
a: no special abilities


You were on level 2 of the Dungeon.
You were not hungry.

You visited 1 branch of the dungeon, and saw 3 of its levels.

You collected 104 gold pieces.

Inventory:

Hand Weapons
 r - a +0 flail of protection (weapon)
Armour
 a - a +0 robe (worn)
 o - a +0 cloak (worn)
Jewellery
 e - a +6 ring of intelligence (left hand)
Scrolls
 b - a scroll of noise {unknown}
 d - 3 scrolls of enchant weapon {unknown}
 i - a scroll of teleportation {unknown}
 k - a scroll of identify {unknown}
 n - a scroll of enchant armour {unknown}
 q - a scroll of remove curse {unknown}
Potions
 f - a potion of lignification {unknown}
 g - 3 potions of heal wounds {unknown}
 j - 2 potions of haste {unknown}
 l - a potion of invisibility {unknown}
 m - a potion of curing {unknown}
 p - 2 potions of brilliance {unknown}
 s - a potion of cancellation {unknown}
Comestibles
 c - 4 rations
 h - a chunk of flesh


   Skills:
 - Level 1.7 Dodging
 - Level 1.7 Stealth
 - Level 3.2 Spellcasting
 + Level 6.2 Necromancy


You had 8 spell levels left.
You knew the following spells:

 Your Spells              Type           Power        Failure   Level  Hunger
a - Pain                  Necr           ####         1%          1    None

Your spell library contained the following spells:

 Spells                   Type           Power        Failure   Level  Hunger
 Animate Skeleton         Necr           N/A          1%          1    None
 Vampiric Draining        Necr           ####......   2%          3    ###....
 Animate Dead             Necr           N/A          9%          4    ####...
 Agony                    Necr           ####....     22%         5    ######.


Dungeon Overview and Level Annotations

Branches:
Dungeon (3/15)

Altars:
Ashenzari
Elyvilon
Ru
Uskayaw
Xom


Innate Abilities, Weirdness & Mutations

You have a pair of small antennae on your head.


Message History

Casting: Pain (safe; 1% risk of failure)
Confirm with . or Enter, or press ? or * to list all spells.
Aiming: Pain (safe; 1% risk of failure)
Press: ? - help, Shift-Dir - straight line, f - goblin
Aim: a goblin, wielding a +0 dagger (chance to defeat MR: 93%)
The goblin writhes in agony.
You kill the goblin!
The hobgoblin hits you with a +0 club.
* * * LOW HITPOINT WARNING * * *
The goblin hits you with a +0 club.
* * * LOW HITPOINT WARNING * * *
Casting: Pain (safe; 1% risk of failure)
Confirm with . or Enter, or press ? or * to list all spells.
Aiming: Pain (safe; 1% risk of failure)
Press: ? - help, Shift-Dir - straight line, f - hobgoblin
Aim: a hobgoblin, wielding a +0 club (heavily wounded, chance to defeat MR: 93%)
The hobgoblin writhes in agony!
You kill the hobgoblin!
The goblin hits you with a +0 club.
You die...

#.....# #...# ######...#
# ####.....# ##..# #####
# ..##.....######..##
#.##(....'..#.....#
#.##.....##.#.....#
#.##.....##.#.....#
#.##.....##.#.....#
#........##.#...))#
####.....##.'...@.#
####.....####..g###
#..........##...#
#..........##...########
#......................#
#......................#
#######
#.....).....[..........#
#......
#............).........#
#......
#......................#
#......


You could see a goblin.

Vanquished Creatures
  An orc wizard (D:3)
  An adder (D:2)
  5 worms
  2 dart slugs
  3 leopard geckos
  4 orcs (D:3)
  A giant cockroach (D:3)
  11 goblins
  10 hobgoblins
  4 jackals
  4 kobolds
  2 quokkas (D:2)
  5 bats
  3 frilled lizards
  10 rats
66 creatures vanquished.

Notes
Turn   | Place    | Note
-------+----------+-------------------------------------------
     0 | D:1      | gruber the Demonspawn Necromancer began the quest for the
                  | Orb.
     0 | D:1      | Reached XP level 1. HP: 13/13 MP: 3/3
   241 | D:1      | Gained mutation: You have a pair of small antennae on your
                  | head. [demonic ancestry]
   241 | D:1      | Reached XP level 2. HP: 17/19 MP: 0/5
   578 | D:1      | Reached skill level 5 in Necromancy
  1282 | D:2      | Reached XP level 3. HP: 14/24 MP: 3/6
  2804 | D:3      | Reached XP level 4. HP: 24/30 MP: 1/8
  3435 | D:3      | Found a shimmering altar of Xom.
  3447 | D:3      | Found a sacrificial altar of Ru.
  3451 | D:3      | Found a hide-covered altar of Uskayaw.
  3451 | D:3      | Found a shattered altar of Ashenzari.
  3455 | D:3      | Found a white marble altar of Elyvilon.
  3858 | D:3      | Reached skill level 6 in Necromancy
  4183 | D:2      | HP: 1/30 [goblin/+0 club (2)]
  4184 | D:2      | Slain by a goblin

Illustrated notes

Levels and vault maps discovered:
D:1:      lightli_arrival_isolated_outpost, layout_rooms, minivault_11,
          minmay_misc_feat_iff
D:2:      layout_basic
D:3:      cheibrodos_greedy_goblins, layout_basic, minitemple,
          minmay_misc_feat_tiny

Skill      XL: |  1  2  3  4 |
---------------+-------------+-----
Necromancy     | 5 6 |  6.2
Spellcasting   | 3 |  3.2
Dodging        | |  1.7
Stealth        | |  1.7

Action                   |  1- 3 |  4- 6 || total
-------------------------+-------+-------++-------
Melee: Falchion          |    19 |    16 ||    35
       Unarmed           |     6 |       ||     6
       Flail             |       |     6 ||     6
 Cast: Pain              |    76 |    43 ||   119
 Stab: Sleeping          |     2 |       ||     2
  Eat: Chunk             |     6 |     4 ||    10
Armor: Robe              |     6 |    11 ||    17
Dodge: Dodged            |    27 |    44 ||    71
       Rpst.: Falchion   |     8 |     6 ||    14
